 Dungeon Crawl Stone Soup version 0.27-a0-320-g81d27af2d4 (webtiles) character file.

Game seed: 12302080787830443663

1648 wakim the Sneak (level 8, -4/39 HPs)
             Began as a Spriggan Venom Mage on Feb 10, 2021.
             Was a Follower of Qazlal.
             Slain by a mummy (13 damage)
             ... in an ossuary.
             The game lasted 00:29:56 (8608 turns).

wakim the Sneak (Spriggan Venom Mage)               Turns: 8608, Time: 00:29:56

Health: -4/39      AC:  4    Str:  5    XL:     8   Next: 67%
Magic:  16/16      EV: 21    Int: 24    God:    Qazlal [*.....]
Gold:   234        SH:  1    Dex: 15    Spells: 4/17 levels left

rFire    . . .     SeeInvis +   d - +0 dagger (vamp)
rCold    . . .     Faith    +   (shield restricted)
rNeg     . . .     Spirit   .   a - +0 robe
rPois    .         Reflect  .   (helmet restricted)
rElec    .         Harm     .   v - +1 cloak
rCorr    .         Rampage  .   (gloves unavailable)
Will     +....                  (boots unavailable)
Stlth    +++.......             g - amulet of faith
HPRegen  0.13/turn              f - +6 ring of intelligence
MPRegen  0.15/turn              (no ring)

@: very quick
A: very small, unfitting armour, see invisible, speed 3
a: Renounce Religion


You were in an ossuary.
You worshipped Qazlal.
Qazlal was aware of your devotion.
You visited 2 branches of the dungeon, and saw 7 of its levels.
You also visited: Ossuary.

You collected 234 gold pieces.

Inventory:

Hand Weapons
 d - a +0 vampiric dagger (weapon)
Armour
 a - a +0 robe (worn)
 v - a +1 cloak (worn)
Jewellery
 f - a +6 ring of intelligence (left hand)
 g - an amulet of faith (around neck)
Wands
 w - a wand of charming (7)
Scrolls
 b - 3 scrolls of blinking {unknown}
 c - a scroll of enchant weapon {unknown}
 h - a scroll of fog
 i - 2 scrolls of holy word {unknown}
 k - 8 scrolls of identify
 o - a scroll of fear
 t - 2 scrolls of noise
Potions
 e - a potion of heal wounds {unknown}
 j - 2 potions of resistance {unknown}
 l - 2 potions of haste
 m - 5 potions of curing {unknown}
 n - 3 potions of lignification {unknown}
 p - a potion of berserk rage {unknown}
 r - 4 potions of attraction {unknown}
 s - 4 potions of invisibility {unknown}
 u - 2 potions of flight {unknown}


   Skills:
 - Level 2.0 Fighting
 + Level 3.3 Short Blades
 + Level 6.9 Dodging
 - Level 7.0 Stealth
 - Level 5.0 Spellcasting
 + Level 1.7 Conjurations
 - Level 2.0 Transmutations
 - Level 2.0 Fire Magic
 - Level 2.0 Air Magic
 - Level 6.0 Poison Magic


You had 4 spell levels left.
You knew the following spells:

 Your Spells              Type           Power        Failure   Level
a - Sting                 Tmut/Pois      100%         1%          1
b - Poisonous Vapours     Pois/Air       50%          2%          2
c - Ignite Poison         Fire/Tmut/Pois 21%          7%          3
d - Olgreb's Toxic Radia  Pois           34%          8%          4
e - Mephitic Cloud        Conj/Pois/Air  21%          7%          3

Your spell library contained the following spells:

 Spells                   Type           Power        Failure   Level


Dungeon Overview and Level Annotations

Branches:
Dungeon (6/15)             Temple (1/1) D:5         Ossuary (1/1)

Altars:
Dithmenos
Elyvilon
Fedhas
Gozag
Hepliaklqana
Kikubaaqudgha
Makhleb
Nemelex Xobeh
Okawaru
Qazlal
Ru
Sif Muna
Trog
Vehumet
Wu Jian
Xom
Yredelemnul
Zin
The Shining One

Shops:
D:6 (

Annotations:
D:3 1 runed translucent door, emiel's ghost, amateur DsWn


Innate Abilities, Weirdness & Mutations

You are very small and have problems with some larger weapons.
You are too small for most types of armour.
You have supernaturally acute eyesight. (SInv)
You cover ground extremely quickly.


Message History

You barely miss the mummy.
The mummy is moderately damaged.
The mummy barely misses you.
You hit the mummy but do no damage.
The mummy is moderately damaged.
You hit the mummy.
The mummy is moderately damaged.
The mummy closely misses you.
You barely miss the mummy.
The mummy is moderately damaged.
You hit the mummy.
The mummy is heavily damaged.
The mummy hits you!
You hit the mummy.
The mummy is heavily damaged.
You hit the mummy but do no damage.
The mummy is heavily damaged.
The mummy misses you.
You hit the mummy but do no damage.
The mummy is heavily damaged.
You completely miss the mummy.
The mummy is heavily damaged.
The mummy hits you!
* * * LOW HITPOINT WARNING * * *
You hit the mummy but do no damage.
The mummy is heavily damaged.
The mummy misses you.
You barely miss the mummy.
The mummy is heavily damaged.
You barely miss the mummy.
The mummy is heavily damaged.
You hit the mummy but do no damage.
The mummy is heavily damaged.
The mummy completely misses you.
You hit the mummy.
The mummy is heavily damaged.
You hit the mummy but do no damage.
The mummy is heavily damaged.
The mummy hits you!
You die...

.........................#
..........#.#............#
####......#'#^.....####..#
#.'...8...#.#...8...'.#^.#
####......###......####..#
...........^.............#
.........................#
#.#..#.#..#.#..#.#..#.#..#
#'#..#'#.^#'#^.#@#..#'#..#
#.#..#.#..#.#..#M#..#.#..#
###..###..###..###..###..#
...................^.....#
.........................#
##########################


You could see a mummy.

Vanquished Creatures
  Sigmund (D:2)
  A water moccasin (D:5)
  A necrophage (D:6)
  3 ogres (D:4)
  A centaur (D:5)
  A water moccasin zombie (D:5)
  2 howler monkeys
  A bullfrog skeleton (D:4)
  2 orc priests (D:4)
  2 hounds
  2 jellies (D:5)
  3 worker ants (D:5)
  3 iguanas
  6 orc wizards
  2 hound zombies (D:5)
  A hound skeleton (D:5)
  2 mummies (Ossuary)
  A howler monkey skeleton (D:4)
  A worker ant zombie (D:5)
  11 adders
  2 white imps (D:5)
  An ooze (D:2)
  An adder zombie (D:5)
  An adder skeleton (D:4)
  3 worms (D:2)
  2 dart slugs
  A leopard gecko (D:2)
  11 orcs
  A ball python (D:3)
  4 bats
  8 giant cockroaches
  A gnoll zombie (Ossuary)
  11 goblins
  7 hobgoblins
  10 kobolds
  4 quokkas
  6 frilled lizards
  A giant cockroach zombie (D:5)
  3 goblin zombies (Ossuary)
  2 hobgoblin zombies (Ossuary)
  3 kobold zombies (Ossuary)
  A leopard gecko skeleton (D:4)
  A quokka skeleton (D:5)
  A quokka zombie (D:5)
  12 rats
145 creatures vanquished.

Vanquished Creatures (others)
  A plant (D:5)
  2 withered plants (D:5)
3 creatures vanquished.

Grand Total: 148 creatures vanquished

Notes
Turn   | Place    | Note
-------+----------+-------------------------------------------
     0 | D:1      | wakim the Spriggan Venom Mage began the quest for the Orb.
     0 | D:1      | Reached XP level 1. HP: 9/9 MP: 5/5
   203 | D:1      | Reached XP level 2. HP: 13/13 MP: 3/6
   471 | D:1      | Learned a level 2 spell: Poisonous Vapours
   833 | D:2      | Reached XP level 3. HP: 10/16 MP: 4/8
  1302 | D:2      | Found a sparkling altar of Nemelex Xobeh.
  1763 | D:2      | Reached XP level 4. HP: 21/21 MP: 2/10
  1842 | D:2      | Noticed Sigmund
  1867 | D:2      | Killed Sigmund
  1868 | D:2      | Reached skill level 4 in Stealth
  1868 | D:2      | Reached XP level 5. HP: 16/24 MP: 0/12
  2046 | D:2      | Learned a level 3 spell: Ignite Poison
  2051 | D:2      | Learned a level 4 spell: Olgreb's Toxic Radiance
  2613 | D:3      | Reached XP level 6. HP: 28/28 MP: 9/14
  2777 | D:3      | Reached skill level 5 in Spellcasting
  2821 | D:3      | Reached skill level 5 in Poison Magic
  3141 | D:3      | Found a runed translucent door.
  3145 | D:3      | Noticed emiel's ghost (amateur DsWn)
  3529 | D:4      | Reached skill level 5 in Stealth
  3573 | D:4      | Reached skill level 5 in Dodging
  3725 | D:4      | Learned a level 3 spell: Mephitic Cloud
  3748 | D:4      | Reached XP level 7. HP: 25/32 MP: 3/15
  4356 | D:4      | Reached skill level 1 in Short Blades
  4356 | D:4      | Reached skill level 6 in Stealth
  4424 | D:4      | Reached skill level 1 in Fighting
  4896 | D:5      | Entered Level 5 of the Dungeon
  4995 | D:5      | Found a staircase to the Ecumenical Temple.
  5320 | D:5      | Reached XP level 8. HP: 37/37 MP: 12/16
  5586 | Temple   | Entered the Ecumenical Temple
  5871 | Temple   | Became a worshipper of Qazlal Stormbringer
  6188 | D:5      | Reached skill level 7 in Stealth
  6188 | D:5      | Reached skill level 1 in Fire Magic
  6188 | D:5      | Reached skill level 1 in Air Magic
  6542 | D:5      | Reached skill level 1 in Conjurations
  7150 | D:5      | Found a shimmering altar of Xom.
  7150 | D:5      | Found an ancient bone altar of Kikubaaqudgha.
  7151 | D:5      | Found a glowing silver altar of Zin.
  7291 | D:6      | Found a blossoming altar of Fedhas.
  7298 | D:6      | Found Siunaet's Weapon Shoppe.
  7372 | D:6      | Found a sand-covered staircase.
  7396 | Ossuary  | Entered an ossuary
  7412 | Ossuary  | Reached * piety under Qazlal
  8608 | Ossuary  | Slain by a mummy

Illustrated notes

Levels and vault maps discovered:
D:1:      onia_arrival_pentagram, layout_loops_ring, minmay_misc_feat_tiny
D:2:      layout_loops_corners, hex_medium, nemelex_diamond_rough_becter,
          uniq_sigmund
D:3:      layout_rooms, ebering_ghost_sewer_d, minmay_misc_feat_x,
          minmay_randomly_rotated_circles
D:4:      layout_cave_pools, roderic_lattice_a
D:5:      layout_loops_ring, gammafunk_temple_overflow_forgotten,
          minmay_temple_entry_statues_pillars, serial_undead, serial_undead_f,
          serial_undead_a, serial_undead_a, serial_undead_b
D:6:      layout_basic, general_overflow_altar, serial_shops,
          nicolae_shop_stone, lightli_ossuary_entry_decrepit_ruins,
          fedhas_altar_3
Temple:   nicolae_temple_elliptical
Ossuary:  ossuary_kennysheep_city_of_the_dead

Skill      XL: |  1  2  3  4  5  6  7  8 |
---------------+-------------------------+-----
Dodging        | 3 4 5 6 |  6.9
Spellcasting   | 3 4 5 |  5.0
Poison Magic   | 4 5 6 |  6.0
Stealth        | 4 5 6 7 |  7.0
Short Blades   | 2 3 |  3.3
Fighting       | 1 2 |  2.0
Transmutations | 2 |  2.0
Fire Magic     | 2 |  2.0
Air Magic      | 2 |  2.0
Conjurations   | 1 |  1.7

Action                   |  1- 3 |  4- 6 |  7- 9 || total
-------------------------+-------+-------+-------++-------
Melee: Dagger            |    33 |    30 |   303 ||   366
 Cast: Sting             |    24 |       |    69 ||    93
       Poisonous Vapours |    25 |    59 |    35 ||   119
       Olgreb's Toxic Ra |       |     3 |     6 ||     9
       Ignite Poison     |       |     1 |     9 ||    10
       Mephitic Cloud    |       |       |     2 ||     2
  Use: Scroll            |       |       |     8 ||     8
 Stab: Sleeping          |     1 |       |     5 ||     6
Armor: Robe              |     4 |     1 |    17 ||    22
Dodge: Dodged            |    33 |    25 |   260 ||   318
Block: Other             |       |       |     3 ||     3

Table legend: (Time is in decaauts)
 A = Elapsed time spent in this place.
 B = Non-inter-level travel time spent in this place.
 C = Inter-level travel time spent in this place.
 D = Time resting spent in this place.
 E = Time spent auto-exploring this place.
 F = Levels seen in this place.
 G = Mean time per level.
                   A        B        C        D        E       F      G
               +--------+--------+--------+--------+--------+-----+--------+
         Total |   6800 |   6632 |    168 |   3178 |   1712 |   8 |  850.0 |
       Dungeon |   5575 |   5407 |    168 |   2626 |   1502 |   6 |  929.2 |
        Temple |    253 |    253 |      0 |    169 |     69 |   1 |  253.0 |
       Ossuary |    971 |    971 |      0 |    382 |    140 |   1 |  971.0 |
               +--------+--------+--------+--------+--------+-----+--------+

Top non-repeatable levels by time:
     D:5: 1733 daAuts
     D:2: 1466 daAuts
     D:4: 1039 daAuts
 Ossuary: 971 daAuts
     D:3: 775 daAuts
     D:1: 484 daAuts
  Temple: 253 daAuts
     D:6: 76 daAuts
